 Dungeon Crawl Stone Soup version 0.22.1-6-g1668fe2 (webtiles) character file.

162 Fang the Skirmisher (level 5, 0/51 HPs)
             Began as a Gargoyle Berserker on Feb 6, 2019.
             Was a Believer of Trog.
             Slain by an orc wizard
             ... wielding a +0 dagger
              (4 damage)
             ... on level 3 of the Dungeon.
             The game lasted 00:08:08 (2460 turns).

Fang the Skirmisher (Gargoyle Berserker)            Turns: 2460, Time: 00:08:08

Health: 0/51       AC:  6    Str: 26    XL:     5   Next: 43%
Magic:  5/5        EV: 12    Int:  8    God:    Trog [**....]
Gold:   85         SH:  0    Dex:  9    Spells: 4/4 levels left

rFire    . . .     SeeInvis .   a - +0 hand axe
rCold    . . .     Gourm    .   (no shield)
rNeg     + . .     Faith    .   b - +0 animal skin
rPois    ∞         Spirit   .   (no helmet)
rElec    +         Reflect  .   (no cloak)
rCorr    .         Harm     .   (no gloves)
MR       .....                  (no boots)
Stlth    ..........             (no amulet)
HPRegen  0.17/turn              (no ring)
MPRegen  0.09/turn              (no ring)

@: berserking, very quick
A: negative energy resistance 1, electricity resistance, unbreathing,
petrification resistance, rot immunity, AC +4
a: Berserk, Trog's Hand, Renounce Religion


You were on level 3 of the Dungeon.
You worshipped Trog.
Trog was pleased with you.
You were very hungry.

You visited 1 branch of the dungeon, and saw 3 of its levels.

You collected 85 gold pieces.

Inventory:

Hand Weapons
 a - a +0 hand axe (weapon)
Armour
 b - a +0 animal skin (worn)
Jewellery
 n - a cursed amulet of inaccuracy {unknown}
Scrolls
 d - 2 scrolls of enchant armour {unknown}
 e - 2 scrolls of fog {unknown}
 f - a scroll of remove curse {unknown}
 h - a scroll of immolation {unknown}
 j - a scroll of teleportation {unknown}
 k - 2 scrolls of identify {unknown}
 l - a scroll of enchant weapon {unknown}
Potions
 g - a potion of berserk rage {unknown}
 i - 3 potions of flight {unknown}
 m - 2 potions of curing {unknown}
Comestibles
 c - 2 rations


   Skills:
 + Level 4.4 Fighting
 + Level 4.2 Axes
 + Level 2.3 Armour
 + Level 2.4 Dodging
 + Level 0.2 Stealth


You had 4 spell levels left.
You didn't know any spells.
Your spell library was empty.

Dungeon Overview and Level Annotations

Branches:
Dungeon (3/15)

Altars:


Innate Abilities, Weirdness & Mutations

You are resistant to torment.
Your stone body is resilient. (AC +4)
You are immune to poison.
You resist negative energy. (rN+)
You are resistant to electric shocks. (rElec)
You can survive without breathing.
You are immune to petrification.
You are immune to rotting.


Message History

You are feeling very hungry.
The orc hits you with a flail.
* * * LOW HITPOINT WARNING * * *
An orc comes into view. It is wielding a hand axe.
The orc wizard barely misses you.
You hit the orc.
The orc is almost dead.
You slash the orc wizard! You hit the orc.
You kill the orc!
Trog accepts your kill. The orc hits you with a flail.
* * * LOW HITPOINT WARNING * * *
Unknown command.
You closely miss the orc.
The orc is almost dead.
You slash the orc!
You kill the orc!
Trog accepts your kill.
You closely miss the orc wizard. The orc wizard hits you with a dagger.
You die...

....## ... .. ....
.##.o ...
#...........#..#
#...... .o..#..
#........K.....
.... #o#g#.##.#
... #.oo).##.#
#.#####@)# #.#
#.#......###.#
##%..####.....##
#.(.###........##
##.###..#.....<.#
##..##..##.......#
#..##..###.......#
########.###.##
##..)).##
.........##..#
##.....##


You could see an orc wizard, 4 orcs, a goblin and a kobold.

Vanquished Creatures
  An orc wizard (D:3)
  Terence (D:2)
  3 adders (D:2)
  2 oozes
  2 worms (D:2)
  3 leopard geckos
  7 orcs (D:3)
  A giant cockroach (D:1)
  4 goblins
  5 hobgoblins
  6 jackals
  5 kobolds
  A quokka (D:2)
  A ball python (D:2)
  5 bats
  5 frilled lizards
  7 rats
59 creatures vanquished.

Notes
Turn   | Place    | Note
-------+----------+-------------------------------------------
     0 | D:1      | Fang the Gargoyle Berserker began the quest for the Orb.
     0 | D:1      | Reached XP level 1. HP: 14/14 MP: 1/1
   109 | D:1      | Reached XP level 2. HP: 16/19 MP: 2/2
   464 | D:1      | Reached XP level 3. HP: 20/24 MP: 3/3
  1017 | D:2      | Reached ** piety under Trog
  1243 | D:2      | Reached XP level 4. HP: 29/29 MP: 4/4
  1721 | D:2      | Noticed Terence
  1730 | D:2      | Killed Terence
  1983 | D:3      | Reached XP level 5. HP: 25/33 MP: 5/5
  2460 | D:3      | Slain by an orc wizard

Skill      XL: |  1  2  3  4  5 |
---------------+----------------+-----
Axes           | 3 4 |  4.2
Dodging        | 2 |  2.4
Fighting       | 4 |  4.4
Armour         | |  2.3
Stealth        | |  0.2

Action                   |  1- 3 |  4- 6 || total
-------------------------+-------+-------++-------
Melee: Hand axe          |   117 |   117 ||   234
Invok: Berserk           |       |     1 ||     1
  Eat: Chunk             |     1 |     4 ||     5
Armor: Animal skin       |    37 |    45 ||    82
Dodge: Dodged            |    90 |    89 ||   179
